 Dungeon Crawl Stone Soup version 0.29.1-14-g9c671dbff4 (webtiles) character file.

Game seed: 3267837333105768428

6997 H0rd4k the Thaumaturge (level 11, -2/67 HPs)
             Began as an Octopode Artificer on Feb 14, 2023.
             Was an Initiate of Gozag.
             Slain by a slime creature (9 damage)
             ... on level 10 of the Dungeon.
             The game lasted 00:23:54 (16069 turns).

H0rd4k the Thaumaturge (Octopode Artificer)        Turns: 16069, Time: 00:23:55

Health: -2/67      AC:  1    Str: 12    XL:     11   Next: 8%
Magic:  24/24      EV: 14    Int: 18    God:    Gozag
Gold:   1299       SH:  0    Dex: 18    Spells: 12/29 levels left

rFire   . . .      SeeInvis .     - Unarmed
rCold   . . .      Faith    .   (no shield)
rNeg    . . .      Spirit   .   (helmet restricted)
rPois   .          Reflect  .   i - amulet of regeneration
rElec   .          Harm     .   e - +6 ring of dexterity
rCorr   +          Rampage  .   G - ring of resist corrosion
Will    .....                   (no ring)
Stlth   +++.......              (no ring)
HPRegen 1.01/turn               (no ring)
MPRegen 0.19/turn               (no ring)
                                (no ring)
                                (no ring)

@: gold aura, slowed, very slow
A: almost no armour, amphibious, 8 rings, camouflage 1, gelatinous body 1,
(nimble swimmer 1), tentacles
a: Renounce Religion, Potion Petition, Call Merchant, Bribe Branch


You were on level 10 of the Dungeon.
You worshipped Gozag.
Gozag was most pleased with you.
You visited 2 branches of the dungeon, and saw 11 of its levels.

You collected 1746 gold pieces.
You spent 402 gold pieces at shops.
You paid 45 gold pieces to Gozag.

Inventory:

Missiles
 k - 5 atropa-tipped darts
 y - 35 poisoned darts
 J - 2 throwing nets
Magical Staves
 q - a staff of air
 E - a staff of death
Jewellery
 e - a +6 ring of dexterity (left tentacle)
 i - an amulet of regeneration (around mantle)
 F - an amulet of guardian spirit
 G - a ring of resist corrosion (right tentacle)
Wands
 b - a wand of flame (2)
 d - a wand of iceblast (1)
 x - a wand of roots (9)
 z - a wand of polymorph (8)
 I - a wand of mindburst (6)
 L - a wand of paralysis (1)
Scrolls
 a - a scroll of brand weapon
 h - 5 scrolls of enchant weapon
 n - 5 scrolls of teleportation
 p - 3 scrolls of magic mapping
 r - a scroll of blinking
 A - a scroll of summoning
 C - 3 scrolls of vulnerability
 D - 2 scrolls of enchant armour
Potions
 f - 7 potions of brilliance
 g - a potion of might
 l - 4 potions of mutation
 o - 4 potions of lignification {unknown}
 s - a potion of berserk rage
 t - a potion of ambrosia {unknown}
 u - 3 potions of magic
 w - a potion of haste {unknown}
 B - 3 potions of curing
 H - a potion of flight {unknown}
 K - a potion of resistance {unknown}
 M - a potion of degeneration {unknown}


   Skills:
 + Level 3.4 Fighting
 - Level 2.3 Dodging
 - Level 1.3 Stealth
 + Level 5.1 Unarmed Combat
 * Level 9.6 Spellcasting
 + Level 1.3 Hexes
 * Level 6.6 Summonings
 * Level 1.5 Translocations
 + Level 1.4 Ice Magic
 + Level 5.3 Air Magic
 + Level 7.8 Poison Magic
 - Level 3.2 Evocations


You had 12 spell levels left.
You knew the following spells:

 Your Spells              Type           Power      Damage    Failure   Level
a - Poisonous Vapours     Pois/Air       64%        N/A       1%          2
b - Summon Ice Beast      Ice/Summ       23%        N/A       16%         4
c - Call Canine Familiar  Summ           32%        N/A       1%          3
d - Summon Guardian Gole  Hex/Summ       22%        N/A       4%          3
e - Summon Forest         Summ/Tloc      11%        N/A       41%         5

Your spell library contained the following spells:

 Spells                   Type           Power      Damage    Failure   Level
 Summon Small Mammal      Summ           100%       N/A       1%          1
 Scorch                   Fire           16%        2d6       13%         2
 Frozen Ramparts          Ice            26%        1d4       14%         3
 Ice Form                 Ice/Tmut       11%        N/A       52%         4
 Flame Wave               Conj/Fire      8%         2d5       63%         4
 Summon Cactus Giant      Summ           16%        N/A       63%         6
 Blade Hands              Tmut           4%         N/A       93%         5
 Borgnjor's Vile Clutch   Necr/Erth      4%         N/A       93%         5
 Irradiate                Conj/Tmut      4%         3d13      93%         5
 Eringya's Noxious Bog    Tmut/Pois      11%        N/A       95%         6
 Summon Hydra             Summ           16%        N/A       99%         7
 Death Channel            Necr           4%         N/A       100%        6
 Dragon Form              Tmut           4%         N/A       100%        7
 Corpse Rot               Necr/Pois/Air  Unusable   N/A       N/A         4
 Animate Dead             Necr           Unusable   N/A       N/A         4

Dungeon Overview and Level Annotations

Branches:
Dungeon (10/15)            Temple (1/1) D:4            Lair (0/5) D:10
    Orc (0/2) D:9

Altars:
Ashenzari
Cheibriados
Dithmenos
Elyvilon
Fedhas
Gozag
Hepliaklqana
Kikubaaqudgha
Makhleb
Nemelex Xobeh
Okawaru
Qazlal
Ru
Sif Muna
Trog
Uskayaw
Vehumet
Wu Jian
Xom
Yredelemnul
Zin
The Shining One

Shops:
D:3 :!?   D:4 *   D:9 (

Annotations:
D:4 exclusion: downstairs
D:6 exclusion: downstairs
D:8 exclusion: downstairs
D:9 UNSEEN
D:10 exclusion: slime creature


Innate Abilities, Weirdness & Mutations

You cannot wear most types of armour.
You are amphibious.
You can wear up to eight rings at the same time.
Your skin changes colour to match your surroundings (Stealth+).
Your rubbery body absorbs attacks. (AC +1, EV +1)
((You are camouflaged when in or above water. (Stealth+)))
You have tentacles for arms and can constrict up to eight enemies at once.


Message History

You tentacle-slap the slime creature. You squeeze the slime creature!
The slime creature is heavily wounded.
The helpless slime creature fails to defend itself.
You bludgeon the slime creature! You squeeze the slime creature.
The slime creature is heavily wounded.
The helpless slime creature fails to defend itself.
You tentacle-slap the slime creature but do no damage.
The slime creature is heavily wounded.
The helpless slime creature fails to defend itself.
You tentacle-slap the slime creature but do no damage.
You squeeze the slime creature.
The slime creature is heavily wounded.
The helpless slime creature fails to defend itself.
You tentacle-slap the slime creature.
The slime creature is heavily wounded.
The helpless slime creature fails to defend itself.
You tentacle-slap the slime creature. You squeeze the slime creature.
The slime creature is severely wounded.
The helpless slime creature fails to defend itself.
You tentacle-slap the slime creature. x2; You squeeze the slime creature.
The slime creature is almost dead.
The slime creature is no longer paralysed.
You kill the kobold brigand!
The slime creature hits you! The slime creature hits you!!
* * * LOW HITPOINT WARNING * * *
Okay, then.
Aiming: Throw Flame
Press: ? - help, Shift-Dir - straight line, f - slime creature
Aim: a slime creature (almost dead, 94% to hit)
The puff of flame hits the slime creature.
The slime creature is almost dead.
The slime creature barely misses you.
Unknown command.
Aiming: Paralyse
Press: ? - help, Shift-Dir - straight line, f/p - slime creature
Aim: a slime creature (almost dead, chance to affect: 39%)
The slime creature resists with some effort.
The slime creature hits you!
You die...
Your body crumbles into a pile of gold.

.##...#.#.....#.....#.....#
........#.....'..8..'.....#
........# ..#.....#.....#
......#.# #.....# ...##
........#### ##.....# ###
.#.##.#..#'###......#
...............#$...#
...............#J####
.#.#...........#@########
..........####..........#
.............#.#.###.##.#
...##........#.#.###.##.#
.............#.#........#
...##.#.#<...........#..#
..[.<.#.#....#.#####.#..#
#.............######.#..#
'.................##.#..#


You could see a slime creature.

Vanquished Creatures
  Joseph (D:9)
  Psyche (D:9)
  A kobold demonologist (D:10)
  A hornet (D:10)
  2 vampires
  2 yaks
  Eustachio (D:5)
  A wyvern (D:8)
  2 steam dragons
  A water moccasin (D:4)
  A black bear (D:5)
  2 orc warriors
  6 ogres
  A centaur (D:8)
  6 kobold brigands
  2 bullfrogs
  A jelly (D:6)
  A wight (D:8)
  6 killer bees (D:7)
  5 orc priests
  4 gnoll boudas
  2 iron imps (D:3)
  Terence (D:3)
  3 iguanas
  8 orc wizards
  20 gnolls
  10 adders
  3 white imps
  An ufetubus (D:5)
  29 orcs
  4 ball pythons
  2 bats
  4 endoplasms
  5 hobgoblins
  A jackal (D:1)
  4 quokkas
  4 frilled lizards
  8 goblins
  5 kobolds
  4 rats
  A bush (D:5)
167 creatures vanquished.

Vanquished Creatures (collateral kills)
  A two-headed ogre (D:9)
  4 yaks
  2 wights (D:8)
  A killer bee (D:7)
  4 gnolls
  6 orcs
  A quokka (D:4)
  A kobold (D:9)
20 creatures vanquished.

Vanquished Creatures (others)
  A yak (D:9)
  2 orc warriors
  A centaur (D:7)
  A bullfrog (D:8)
  A gnoll sergeant (D:9)
  2 wights (D:8)
  A killer bee (D:7)
  An iron imp (D:3)
  2 gnolls
  An orc (D:3)
  A kobold (D:5)
  10 bushes (D:7)
  17 plants
41 creatures vanquished.

Grand Total: 228 creatures vanquished

Notes
Turn   | Place    | Note
-------+----------+-------------------------------------------
     0 | D:1      | H0rd4k the Octopode Artificer began the quest for the Orb.
     0 | D:1      | Reached XP level 1. HP: 13/13 MP: 1/1
   362 | D:1      | Reached XP level 2. HP: 18/18 MP: 3/3
   372 | D:1      | Reached skill level 1 in Spellcasting
  2153 | D:2      | Found a faded altar of an unknown god.
  2303 | D:2      | Reached XP level 3. HP: 21/24 MP: 5/5
  2560 | D:3      | Found Lumic's Distillery.
  2573 | D:3      | Reached skill level 1 in Unarmed Combat
  2578 | D:3      | HP: 1/24 [poisoned by an adder]
  2862 | D:3      | Found Didaol's Magic Scroll Shoppe.
  2937 | D:3      | Found Qamoux's Book Boutique.
  3335 | D:3      | Found a burning altar of Makhleb.
  3351 | D:3      | Reached XP level 4. HP: 5/30 MP: 6/6
  3606 | D:3      | Reached skill level 2 in Spellcasting
  3652 | D:3      | Reached XP level 5. HP: 35/35 MP: 8/8
  3706 | D:3      | Noticed Terence
  3711 | D:3      | Learned a level 2 spell: Poisonous Vapours
  3853 | D:3      | Found a stormy altar of Qazlal.
  4341 | D:4      | Noticed a water moccasin
  4345 | D:4      | Killed a water moccasin
  4346 | D:4      | Reached skill level 1 in Poison Magic
  4346 | D:4      | Reached XP level 6. HP: 24/41 MP: 8/10
  4531 | D:4      | Found a staircase to the Ecumenical Temple.
  4541 | Temple   | Entered the Ecumenical Temple
  4701 | Temple   | Became a worshipper of Gozag Ym Sagoz the Greedy
  4814 | D:4      | Reached skill level 3 in Spellcasting
  4887 | D:4      | Found Loigod Jocer's General Store.
  5271 | D:5      | Entered Level 5 of the Dungeon
  5318 | D:5      | Noticed a black bear
  5329 | D:5      | Killed a black bear
  5330 | D:5      | Reached skill level 1 in Air Magic
  5330 | D:5      | Reached XP level 7. HP: 15/46 MP: 1/11
  6289 | D:5      | Reached skill level 4 in Spellcasting
  6589 | D:5      | Noticed Eustachio
  6598 | D:5      | Killed Eustachio
  6599 | D:5      | Reached XP level 8. HP: 51/52 MP: 8/14
  6706 | D:5      | Found a sparkling altar of Nemelex Xobeh.
  7097 | D:6      | Learned a level 4 spell: Summon Ice Beast
  7240 | D:6      | Found a shadowy altar of Dithmenos.
  7300 | D:6      | Reached skill level 1 in Summonings
  7386 | D:6      | Reached skill level 5 in Spellcasting
  7634 | D:6      | Reached skill level 1 in Ice Magic
  7684 | D:6      | Found a shimmering altar of Xom.
  7855 | D:6      | Reached skill level 5 in Poison Magic
  8463 | D:7      | Reached XP level 9. HP: 50/56 MP: 15/17
  8486 | D:7      | Reached skill level 6 in Spellcasting
 10613 | D:7      | Found a blossoming altar of Fedhas.
 11132 | D:3      | Bought a book of Callings for 220 gold pieces
 11136 | D:3      | Learned a level 3 spell: Call Canine Familiar
 11140 | D:3      | Learned a level 3 spell: Summon Guardian Golem
 11176 | D:3      | Killed Terence
 11311 | D:3      | Bought a potion of curing for 39 gold pieces
 11311 | D:3      | Bought a potion of heal wounds for 65 gold pieces
 11323 | D:3      | Bought a scroll of identify for 26 gold pieces
 11323 | D:3      | Bought a scroll of identify for 26 gold pieces
 11323 | D:3      | Bought a scroll of identify for 26 gold pieces
 11874 | D:8      | Reached skill level 7 in Spellcasting
 12586 | D:8      | Reached XP level 10. HP: 63/63 MP: 13/21
 12628 | D:8      | Reached skill level 8 in Spellcasting
 13316 | D:9      | Reached skill level 1 in Hexes
 13316 | D:9      | Reached skill level 5 in Summonings
 14246 | D:9      | Noticed Psyche
 14263 | D:9      | Killed Psyche
 14584 | D:9      | Found a staircase to the Orcish Mines.
 14658 | D:9      | Found Qeiteytu's Weapon Emporium.
 14695 | D:9      | Noticed Joseph
 14718 | D:9      | Killed Joseph
 14804 | D:9      | Noticed a two-headed ogre
 14831 | D:9      | Killed a two-headed ogre
 14832 | D:9      | Reached skill level 5 in Unarmed Combat
 14832 | D:9      | Reached skill level 9 in Spellcasting
 14832 | D:9      | Reached skill level 5 in Air Magic
 15071 | D:9      | Learned a level 5 spell: Summon Forest
 15097 | D:10     | Entered Level 10 of the Dungeon
 15651 | D:10     | Reached skill level 1 in Translocations
 15708 | D:10     | Reached XP level 11. HP: 59/67 MP: 9/24
 15863 | D:10     | Found a staircase to the Lair.
 16069 | D:10     | Slain by a slime creature

Illustrated notes

Levels and vault maps discovered:
D:1:      reono_arrival_forest_river, layout_loops_corners, st_stairs_11,
          chequers_serial_rivers_large_b
D:2:      wad_woods_pond, layout_basic, basic_ecumenical_altar
D:3:      layout_rooms, demons_altar, grunt_qazlal_sundering, serial_shops,
          nicolae_shop_trees, shop, nicolae_shop_crystal,
          kennysheep_generic_room_11, uniq_terence
D:4:      layout_loops_cross, minmay_temple_entry_overgrown, serial_shops,
          nicolae_shop_statue_plus
D:5:      layout_basic, nemelex_dance_club_becter, lexackson_kobold_supper,
          uniq_eustachio
D:6:      layout_gridville, kennysheep_mini_moat, mainiacjoe_overflow_brackets
D:7:      layout_basic, fedhas_bush_and_centaur_altar, corexii_leaking_fountain
D:8:      layout_basic
D:9:      layout_loops_cross, orc_david_3, nicolae_sextant, uniq_psyche,
          uniq_joseph
D:10:     layout_basic, lair_entry_dummy, minivault_21,
          hangedman_decor_clover_reticule, minmay_three_doors
Temple:   nicolae_temple_elliptical

Skill      XL: |  1  2  3  4  5  6  7  8  9 10 |
---------------+-------------------------------+-----
Spellcasting   | 1 2 3 4 5 7 9 |  9.6
Fighting       | 2 3 |  3.4
Unarmed Combat | 1 2 3 4 5 |  5.1
Poison Magic   | 1 2 4 5 6 7 |  7.8
Air Magic      | 1 2 3 4 5 |  5.3
Summonings     | 2 4 6 |  6.6
Ice Magic      | 1 |  1.4
Hexes          | 1 |  1.3
Translocations | 1 |  1.5
Dodging        | |  2.3
Stealth        | |  1.3
Evocations     | |  3.2

Action                   |  1- 3 |  4- 6 |  7- 9 | 10-12 || total
-------------------------+-------+-------+-------+-------++-------
Melee: Unarmed           |    93 |    49 |   198 |    59 ||   399
       Constrict         |    25 |    13 |    32 |    10 ||    80
       Tentacles         |    21 |    18 |    66 |    26 ||   131
       Punch             |     3 |     1 |    11 |     4 ||    19
 Cast: Poisonous Vapours |       |    19 |   216 |   127 ||   362
       Call Canine Famil |       |       |    10 |    21 ||    31
       Summon Guardian G |       |       |     8 |    11 ||    19
Evoke: Wand              |     4 |     8 |    16 |    11 ||    39
  Use: Potion            |     3 |       |       |     3 ||     6
       Scroll            |       |       |    13 |     4 ||    17
 Stab: Sleeping          |     6 |     4 |     1 |       ||    11
       Distracted        |       |       |     1 |       ||     1
       Paralysed         |       |       |       |    24 ||    24
Armor: Skin              |     4 |       |     5 |     1 ||    10
Dodge: Dodged            |    65 |    22 |    92 |    59 ||   238
